 Dungeon Crawl Stone Soup version 0.28-a0-925-gd5e1996cdb (webtiles) character file.

Game seed: 9588241449119097113

177 horus123 the Grave Robber (level 5, 0/28 HPs)
             Began as a Deep Elf Necromancer on Nov 26, 2021.
             Slain by timneilson's ghost (4 damage)
             ... on level 3 of the Dungeon on Nov 27, 2021.
             The game lasted 00:09:39 (3752 turns).

horus123 the Grave Robber (Deep Elf Necromancer)    Turns: 3752, Time: 00:09:40

Health: 0/28       AC:  7    Str:  5    XL:     5   Next: 30%
Magic:  3/13       EV: 12    Int: 21    God:
Gold:   86         SH:  0    Dex: 15    Spells: 1/12 levels left

rFire   . . .      SeeInvis .   f - +0 halberd
rCold   . . .      Faith    .   (shield currently unavailable)
rNeg    . . .      Spirit   .   a - +0 robe
rPois   .          Reflect  .   (no helmet)
rElec   .          Harm     .   (no cloak)
rCorr   .          Rampage  .   (no gloves)
Will    .....                   e - +0 pair of boots
Stlth   ++........              (no amulet)
HPRegen 0.09/turn               c - +4 ring of protection
MPRegen 0.13/turn               (no ring)

@: no status effects
A: no striking features
a: no special abilities


You were on level 3 of the Dungeon.
You visited 1 branch of the dungeon, and saw 3 of its levels.

You collected 86 gold pieces.

Inventory:

Hand Weapons
 f - a +0 halberd (weapon)
Armour
 a - a +0 robe (worn)
 e - a +0 pair of boots (worn)
Magical Staves
 b - a staff of air
Jewellery
 c - a +4 ring of protection (left hand)
Wands
 m - a wand of flame (12)
Scrolls
 j - 2 scrolls of teleportation
Potions
 d - a potion of attraction
 g - a potion of curing {unknown}
 h - a potion of berserk rage {unknown}
 i - a potion of resistance {unknown}


   Skills:
 - Level 2.4 Dodging
 - Level 2.4 Stealth
 - Level 4.0 Spellcasting
 - Level 7.0 Necromancy
 - Level 2.0 Air Magic


You had one spell level left.
You knew the following spells:

 Your Spells              Type           Power      Damage    Failure   Level
a - Pain                  Necr           100%       1d9       1%          1
b - Vampiric Draining     Necr           33%        2d8       1%          3
c - Animate Skeleton      Necr           66%        N/A       1%          1
d - Animate Dead          Necr           16%        N/A       6%          4
e - Static Discharge      Conj/Air       8%         N/A       12%         2

Your spell library contained the following spells:

 Spells                   Type           Power      Damage    Failure   Level
 Slow                     Hex            16%        N/A       12%         1
 Agony                    Necr           33%        N/A       19%         5
 Confusing Touch          Hex            4%         N/A       34%         3
 Lightning Bolt           Conj/Air       4%         1d15      91%         5
 Maxwell's Capacitive Co  Air            6%         ∞         100%        8


Dungeon Overview and Level Annotations

Branches:
Dungeon (3/15)

Altars:

Annotations:
D:3 timneilson's ghost, weakling GrFi


Message History

Confirm with . or Enter, or press ? or * to list all spells.
You can't see any susceptible monsters within range! (Use Z to cast anyway.) Unknown command.
Casting: Static Discharge (safe; 12% risk of failure)
Confirm with . or Enter, or press ? or * to list all spells.
You feel a surge of power!
The air crackles with electrical energy.
Timneilson's ghost hits you.
Unknown command.
Casting: Static Discharge (safe; 12% risk of failure)
Confirm with . or Enter, or press ? or * to list all spells.
You feel a surge of power!
The air crackles with electrical energy.
Timneilson's ghost hits you but does no damage.
Unknown command.
Casting: Static Discharge (safe; 12% risk of failure)
Confirm with . or Enter, or press ? or * to list all spells.
You don't have enough magic to cast this spell.
Unknown command.
Timneilson's ghost hits you but does no damage.
Your magical contamination has completely faded away.
Okay, then.
f - a +0 halberd (weapon)
You hit timneilson's ghost but do no damage.
Timneilson's ghost completely misses you.
You hit timneilson's ghost but do no damage.
Timneilson's ghost says, "You cannot hurt me!"
Timneilson's ghost hits you!
* * * LOW HITPOINT WARNING * * *
Timneilson's ghost closely misses you.
You hit timneilson's ghost but do no damage.
Timneilson's ghost misses you.
You closely miss timneilson's ghost. Timneilson's ghost closely misses you.
Timneilson's ghost barely misses you.
You closely miss timneilson's ghost.
Timneilson's ghost hits you but does no damage.
You hit timneilson's ghost.
Timneilson's ghost is moderately damaged.
Timneilson's ghost hits you.
You die...

.#.# #.# #....K.#§§§§..... .#.###
#.# #......#...§..... .#.#.# #.#
#..........§..... .#.#.#####.#
#..........§..... .#.#.......#
#......###.......
.#.#.###...######.....##⌠##......
.#.#.# #.............##...##.....
.#.#.# #............##..?..##..##
.#.#.# #........@W..'...♣..⌠#..#
.'...# #............##..!..##..
.#.#####.............##...#
##...............##...##⌠##
.'.................#...###.
##.................#.......
########...........#....... #
#...........#....... #
#...........##......


You could see timneilson's ghost.

Vanquished Creatures
  Terence (D:3)
  7 gnolls
  3 dart slugs (D:2)
  An orc (D:3)
  4 ball pythons
  4 endoplasms
  3 giant cockroaches
  9 goblins
  3 hobgoblins
  4 jackals (D:1)
  6 kobolds
  3 quokkas
  8 bats
  4 frilled lizards
  6 rats
66 creatures vanquished.

Vanquished Creatures (collateral kills)
  A gnoll (D:2)
  A frilled lizard (D:2)
2 creatures vanquished.

Grand Total: 68 creatures vanquished

Notes
Turn   | Place    | Note
-------+----------+-------------------------------------------
     0 | D:1      | horus123 the Deep Elf Necromancer began the quest for the
                  | Orb.
     0 | D:1      | Reached XP level 1. HP: 10/10 MP: 6/6
   184 | D:1      | Reached XP level 2. HP: 5/15 MP: 0/9
   526 | D:1      | Reached skill level 5 in Necromancy
  1194 | D:2      | Reached XP level 3. HP: 9/19 MP: 4/10
  1257 | D:2      | Learned a level 3 spell: Vampiric Draining
  1259 | D:2      | Learned a level 1 spell: Animate Skeleton
  1426 | D:2      | Found a faded altar of an unknown god.
  1435 | D:2      | Reached skill level 6 in Necromancy
  1564 | D:2      | Reached XP level 4. HP: 7/24 MP: 7/12
  2011 | D:2      | Learned a level 4 spell: Animate Dead
  2463 | D:2      | You fall into a shaft and drop 1 floor!
  2463 | D:3      | Noticed Terence
  2475 | D:3      | Killed Terence
  2476 | D:3      | Reached skill level 7 in Necromancy
  2541 | D:3      | Learned a level 2 spell: Static Discharge
  2820 | D:3      | Reached skill level 1 in Air Magic
  2820 | D:3      | Reached XP level 5. HP: 14/28 MP: 6/13
  3229 | D:3      | Found a runed translucent door.
  3229 | D:3      | Noticed timneilson's ghost (weakling GrFi)
  3752 | D:3      | Slain by timneilson's ghost

Illustrated notes

Levels and vault maps discovered:
D:1:      lightli_arrival_maybe_door_vault, layout_rooms
D:2:      layout_basic, basic_ecumenical_altar
D:3:      layout_basic, serial_corexii_hall, chequers_hall_statues_corner_a,
          corexii_hall_statues_x, hellmonk_ghost_happy_afterlife, uniq_terence

Skill      XL: |  1  2  3  4  5 |
---------------+----------------+-----
Spellcasting   | 4 |  4.0
Necromancy     | 5 6 7 |  7.0
Air Magic      | 1 2 |  2.0
Dodging        | |  2.4
Stealth        | |  2.4

Action                   |  1- 3 |  4- 6 || total
-------------------------+-------+-------++-------
Melee: Staff             |     1 |     6 ||     7
       Halberd           |       |    13 ||    13
 Cast: Pain              |    57 |    46 ||   103
       Animate Skeleton  |     2 |       ||     2
       Vampiric Draining |       |     6 ||     6
       Animate Dead      |       |     2 ||     2
       Static Discharge  |       |     5 ||     5
  Use: Scroll            |     1 |     5 ||     6
Armor: Robe              |    10 |    13 ||    23
Dodge: Dodged            |    17 |    27 ||    44

Table legend: (Time is in decaauts)
 A = Elapsed time spent in this place.
 B = Non-inter-level travel time spent in this place.
 C = Inter-level travel time spent in this place.
 D = Time resting spent in this place.
 E = Time spent auto-exploring this place.
 F = Levels seen in this place.
 G = Mean time per level.
                   A        B        C        D        E       F      G
               +--------+--------+--------+--------+--------+-----+--------+
         Total |   3758 |   3752 |      6 |    434 |   2708 |   3 | 1252.7 |
       Dungeon |   3758 |   3752 |      6 |    434 |   2708 |   3 | 1252.7 |
               +--------+--------+--------+--------+--------+-----+--------+

Top non-repeatable levels by time:
     D:2: 1593 daAuts
     D:1: 1084 daAuts
     D:3: 1080 daAuts
